 Dungeon Crawl Stone Soup version 0.31-a0-960-g0fca184906 (webtiles) character file.

Game seed: 8345231198259482608

749 lessens the Shield-Bearer (level 7, -4/90 HPs)
             Began as a Gnoll Fighter on Oct 23, 2023.
             Was a Believer of Trog.
             Slain by a manticore (7 damage)
             ... on level 8 of the Dungeon.
             The game lasted 00:04:39 (3904 turns).

lessens the Shield-Bearer (Gnoll Fighter)           Turns: 3904, Time: 00:04:40

Health: -4/90      AC: 14    Str: 18    XL:     7   Next: 77%
Magic:  11/11      EV: 10    Int:  7    God:    Trog [**....]
Gold:   141        SH:  5    Dex: 11    Spells: 11/11 levels left

rFire   . . .        b - +2 flail (protect)
rCold   . . .        c - +0 buckler
rNeg    . . .        t - +0 scale mail
rPois   .            (no helmet)
rElec   .            (no cloak)
rCorr   .            (no gloves)
SInv    .            (no boots)
Will    .....        (no amulet) Stlth
                     m - +4 ring of slaying
HPRegen 0.35/turn    (no ring)
MPRegen 0.12/turn

%: no passive effects
@: berserking, spiked, under a protective aura, very quick
A: fangs 1, strong nose, distributed training
a: Renounce Religion, Berserk, Trog's Hand


You were on level 8 of the Dungeon.
You worshipped Trog.
Trog was pleased with you.
You visited 1 branch of the dungeon, and saw 6 of its levels.

You collected 375 gold pieces.
You spent 234 gold pieces at shops.

Inventory:

Hand Weapons
 a - a +0 war axe
 b - a +2 flail of protection (weapon)
Missiles
 e - 51 stones
 l - 4 darts of dispersal
 q - a throwing net
Armour
 c - a +0 buckler (worn)
 n - a +0 scale mail
 r - a scarf of resistance
 t - a +0 scale mail (worn)
 z - +0 steam dragon scales
Jewellery
 m - a +4 ring of slaying (left hand)
Wands
 A - a wand of flame (15)
Scrolls
 f - 2 scrolls of revelation
 g - 6 scrolls of identify
 i - a scroll of enchant weapon {unknown}
 k - 3 scrolls of enchant armour
 o - a scroll of noise {unknown}
 u - a scroll of fear
 v - a scroll of immolation
 x - 2 scrolls of teleportation {unknown}
 y - 2 scrolls of amnesia {unknown}
Potions
 d - a potion of might
 h - a potion of degeneration {unknown}
 j - 2 potions of lignification {unknown}
 p - a potion of magic {unknown}
 s - 3 potions of curing
 w - 3 potions of brilliance {unknown}


   Skills:
 + Level 7.1 Fighting
 + Level 2.7 Short Blades
 + Level 2.7 Long Blades
 + Level 5.4 Axes
 + Level 2.7 Maces & Flails
 + Level 2.7 Polearms
 + Level 2.7 Staves
 + Level 2.7 Ranged Weapons
 + Level 2.7 Throwing
 + Level 7.1 Armour
 + Level 2.7 Dodging
 + Level 2.7 Stealth
 + Level 7.1 Shields
 + Level 2.7 Unarmed Combat
 + Level 2.7 Spellcasting
 + Level 2.2 Conjurations
 + Level 2.2 Hexes
 + Level 2.2 Summonings
 + Level 2.2 Necromancy
 + Level 2.2 Translocations
 + Level 2.2 Transmutations
 + Level 2.2 Fire Magic
 + Level 2.2 Ice Magic
 + Level 2.2 Air Magic
 + Level 2.2 Earth Magic
 + Level 2.2 Poison Magic
 + Level 3.0 Invocations
 + Level 2.7 Evocations
 + Level 2.5 Shapeshifting


You had 11 spell levels left.
You didn't know any spells.
Your spell library was empty.

Dungeon Overview and Level Annotations

Branches:
Dungeon (5/15) Zot: 26844  Temple (0/1) D:4

Altars:
Ashenzari
Cheibriados
Dithmenos
Trog
Uskayaw

Shops:
D:4 ?


Innate Abilities, Weirdness & Mutations

You have very sharp teeth.
Your uncanny sense of smell can sniff out nearby items.
Your experience applies equally to all skills.


Message History

a +0 club; a +0 leather armour; an orc corpse HP restored.
Found a book of Death.
A manticore comes into view.
The manticore flicks its tail.
The volley of spikes misses you.
A manticore is nearby!
A manticore is nearby!
The manticore flicks its tail.
The volley of spikes hits you!
The barbed spikes become lodged in your body.
You see here a book of Death.
The barbed spikes dig painfully into your body as you move.
The manticore bites you. The manticore claws you!
You block the manticore's attack.
A red film seems to cover your vision as you go berserk!
You feel yourself moving faster!
You feel mighty! The manticore bites you! The manticore claws you!
The manticore barely misses you.
You barely miss the manticore. The manticore bites you!
* * * LOW HITPOINT WARNING * * *
The manticore claws you.
* * * LOW HITPOINT WARNING * * *
The manticore closely misses you.
You barely miss the manticore. The manticore misses you.
The manticore claws you.
* * * LOW HITPOINT WARNING * * *
The manticore claws you!
* * * LOW HITPOINT WARNING * * *
You sock the manticore!
Your weapon exudes an aura of protection.
The manticore is lightly wounded.
The manticore bites you!
* * * LOW HITPOINT WARNING * * *
The manticore claws you but does no damage. x2
You sock the manticore!
The manticore is moderately wounded.
The manticore bites you but does no damage.
The manticore claws you but does no damage.
The manticore claws you!
You die...

######## #......#
#.####.# #.# #.#
########.# #.#
#....H@:.# #.#####.##.
#.###########.......##^
.........#######.
########.# #. #.# #.
#.# #.
########.#######.
...............).
.#######.#######)


You could see a manticore.

Vanquished Creatures
  A steam dragon (D:8)
  An ogre (D:4)
  A centaur (D:8)
  A scorpion (D:4)
  2 orc priests
  A hound (D:5)
  An iron imp (D:4)
  3 orc wizards
  A gnoll (D:2)
  8 adders
  A white imp (D:5)
  2 ufetubi (D:5)
  3 worms
  14 orcs
  4 ball pythons
  7 endoplasms
  4 giant cockroaches
  10 hobgoblins
  A jackal (D:2)
  6 kobolds
  6 quokkas
  2 bats
  4 frilled lizards
  6 goblins
  11 rats
101 creatures vanquished.

Notes
Turn   | Place    | Note
-------+----------+-------------------------------------------
     0 | D:1      | lessens the Gnoll Fighter began the quest for the Orb.
     0 | D:1      | Reached XP level 1. HP: 23/23 MP: 1/1
   105 | D:1      | Reached XP level 2. HP: 29/29 MP: 2/2
   664 | D:2      | Reached XP level 3. HP: 35/35 MP: 3/3
   801 | D:2      | Reached skill level 1 in Invocations
   942 | D:2      | Reached skill level 1 in Short Blades
   942 | D:2      | Reached skill level 1 in Long Blades
   942 | D:2      | Reached skill level 1 in Maces & Flails
   942 | D:2      | Reached skill level 1 in Polearms
   942 | D:2      | Reached skill level 1 in Staves
   942 | D:2      | Reached skill level 1 in Ranged Weapons
   942 | D:2      | Reached skill level 1 in Throwing
   942 | D:2      | Reached skill level 1 in Dodging
   942 | D:2      | Reached skill level 1 in Stealth
   942 | D:2      | Reached skill level 1 in Unarmed Combat
   942 | D:2      | Reached skill level 1 in Spellcasting
   942 | D:2      | Reached skill level 1 in Evocations
   998 | D:2      | Found a faded altar of an unknown god.
  1225 | D:2      | Reached XP level 4. HP: 37/41 MP: 5/5
  1230 | D:2      | Reached skill level 1 in Shapeshifting
  1425 | D:2      | Prayed at the altar of an unknown god.
  1425 | D:2      | Became a worshipper of Trog the Wrathful
  1425 | D:2      | Reached * piety under Trog
  1570 | D:3      | Reached skill level 1 in Conjurations
  1570 | D:3      | Reached skill level 1 in Hexes
  1570 | D:3      | Reached skill level 1 in Summonings
  1570 | D:3      | Reached skill level 1 in Necromancy
  1570 | D:3      | Reached skill level 1 in Translocations
  1570 | D:3      | Reached skill level 1 in Transmutations
  1570 | D:3      | Reached skill level 1 in Fire Magic
  1570 | D:3      | Reached skill level 1 in Ice Magic
  1570 | D:3      | Reached skill level 1 in Air Magic
  1570 | D:3      | Reached skill level 1 in Earth Magic
  1570 | D:3      | Reached skill level 1 in Poison Magic
  1917 | D:3      | Reached XP level 5. HP: 47/47 MP: 5/7
  2354 | D:4      | Reached ** piety under Trog
  2517 | D:4      | Noticed an ogre
  2526 | D:4      | Killed an ogre
  2527 | D:4      | Reached skill level 5 in Axes
  2527 | D:4      | Reached XP level 6. HP: 53/53 MP: 7/9
  2554 | D:4      | Found a staircase to the Ecumenical Temple.
  2631 | D:4      | Found Ziyfes's Magic Scroll Emporium.
  2635 | D:4      | Bought a scroll of fear for 48 gold pieces
  2635 | D:4      | Bought a scroll of revelation for 90 gold pieces
  2635 | D:4      | Bought a scroll of immolation for 48 gold pieces
  2635 | D:4      | Bought 2 scrolls of identify for 48 gold pieces
  2799 | D:4      | Found a snail-covered altar of Cheibriados.
  2831 | D:4      | Found a hide-covered altar of Uskayaw.
  2831 | D:4      | Noticed a +0 short sword
  2832 | D:4      | Noticed a +0 spear
  2832 | D:4      | Noticed a +0 dagger
  2832 | D:4      | Noticed a +0 spear
  2833 | D:4      | Noticed a +0 dagger
  2833 | D:4      | Noticed a +0 short sword
  2834 | D:4      | Noticed a +0 falchion
  3195 | D:4      | Noticed a +0 falchion
  3310 | D:4      | Found a bloodstained altar of Trog.
  3402 | D:5      | Entered Level 5 of the Dungeon
  3603 | D:5      | Reached XP level 7. HP: 57/59 MP: 10/10
  3658 | D:5      | Identified the +5 ring mail of Agumel {Fly SInv}
  3720 | D:5      | Found a shadowy altar of Dithmenos.
  3720 | D:5      | Found a broken altar of Ashenzari.
  3761 | D:5      | You fall into a shaft and drop 3 floors!
  3776 | D:8      | Noticed a steam dragon
  3784 | D:8      | Killed a steam dragon
  3897 | D:8      | Noticed a manticore
  3903 | D:8      | HP: 3/90 [manticore (8)]
  3904 | D:8      | Slain by a manticore

Illustrated notes

Levels and vault maps discovered:
D:1:      minmay_arrival_stair_chambers, layout_rooms, minmay_splitting_lines
D:2:      cheibrodos_old_hovel, layout_basic, chequers_ecumenical_altar_island,
          serial_rivers, chequers_serial_rivers_room_a,
          chequers_serial_rivers_room_b, chequers_serial_rivers_small_3,
          chequers_serial_rivers_small_b, minivault_25,
          minmay_misc_feat_diagonals, minmay_octomino_c4
D:3:      layout_basic, grunt_ministairs_9
D:4:      layout_gridville, nicolae_overflow_hidden_temple,
          nicolae_uskayaw_en_pointe, slow_altar_2,
          minmay_temple_entry_crystal_x, serial_shops,
          nicolae_shop_back_alley_shop, guppyfry_early_lair_pool
D:5:      layout_loops_ring, marbit_many_paths, grunt_temple_overflow_open,
          kennysheep_generic_room_10, uniq_crazy_yiuf_cottage
D:8:      minmay_cornered_nines, layout_basic,
          grunt_temple_overflow_lords_of_destruction,
          dreamdust_divine_triumvirate, uniq_erica

Skill      XL: |  1  2  3  4  5  6  7 |
---------------+----------------------+-----
Invocations    | 1 2 3 |  3.0
Short Blades   | 1 2 |  2.7
Long Blades    | 1 2 |  2.7
Maces & Flails | 1 2 |  2.7
Polearms       | 1 2 |  2.7
Staves         | 1 2 |  2.7
Ranged Weapons | 1 2 |  2.7
Throwing       | 1 2 |  2.7
Dodging        | 1 2 |  2.7
Stealth        | 1 2 |  2.7
Unarmed Combat | 1 2 |  2.7
Spellcasting   | 1 2 |  2.7
Evocations     | 1 2 |  2.7
Shapeshifting  | 1 2 |  2.5
Conjurations   | 1 2 |  2.2
Hexes          | 1 2 |  2.2
Summonings     | 1 2 |  2.2
Necromancy     | 1 2 |  2.2
Translocations | 1 2 |  2.2
Transmutations | 1 2 |  2.2
Fire Magic     | 1 2 |  2.2
Ice Magic      | 1 2 |  2.2
Air Magic      | 1 2 |  2.2
Earth Magic    | 1 2 |  2.2
Poison Magic   | 1 2 |  2.2
Axes           | 5 |  5.4
Fighting       | 7 |  7.1
Armour         | 7 |  7.1
Shields        | 7 |  7.1

Action                     |  1- 3 |  4- 6 |  7- 9 || total
---------------------------+-------+-------+-------++-------
  Melee: War axe           |    80 |    80 |       ||   160
         Bite              |     4 |     5 |     2 ||    11
         Flail             |       |    35 |    34 ||    69
 Invoke: Berserk           |       |       |     2 ||     2
    Use: Scroll            |       |     2 |       ||     2
 Armour: Scale mail        |    49 |    70 |    59 ||   178
  Dodge: Dodged            |    36 |    51 |    20 ||   107
  Block: Buckler           |    15 |    20 |    22 ||    57

Table legend: (Time is in decaauts)
 A = Elapsed time spent in this place.
 B = Non-inter-level travel time spent in this place.
 C = Inter-level travel time spent in this place.
 D = Time resting spent in this place.
 E = Time spent auto-exploring this place.
 F = Levels seen in this place.
 G = Mean time per level.
                   A        B        C        D        E       F      G
               +--------+--------+--------+--------+--------+-----+--------+
         Total |   3990 |   3918 |     72 |     93 |   3123 |   6 |  665.0 |
       Dungeon |   3990 |   3918 |     72 |     93 |   3123 |   6 |  665.0 |
               +--------+--------+--------+--------+--------+-----+--------+

Top non-repeatable levels by time:
     D:2: 1066 daAuts
     D:4: 1063 daAuts
     D:3: 844 daAuts
     D:1: 496 daAuts
     D:5: 364 daAuts
     D:8: 155 daAuts

Levels and vault maps discovered:
D:1:      minmay_arrival_stair_chambers, layout_rooms, minmay_splitting_lines
D:2:      cheibrodos_old_hovel, layout_basic, chequers_ecumenical_altar_island,
          serial_rivers, chequers_serial_rivers_room_a,
          chequers_serial_rivers_room_b, chequers_serial_rivers_small_3,
          chequers_serial_rivers_small_b, minivault_25,
          minmay_misc_feat_diagonals, minmay_octomino_c4
D:3:      layout_basic, grunt_ministairs_9
D:4:      layout_gridville, nicolae_overflow_hidden_temple,
          nicolae_uskayaw_en_pointe, slow_altar_2,
          minmay_temple_entry_crystal_x, serial_shops,
          nicolae_shop_back_alley_shop, guppyfry_early_lair_pool
D:5:      layout_loops_ring, marbit_many_paths, grunt_temple_overflow_open,
          kennysheep_generic_room_10, uniq_crazy_yiuf_cottage
D:8:      minmay_cornered_nines, layout_basic,
          grunt_temple_overflow_lords_of_destruction,
          dreamdust_divine_triumvirate, uniq_erica
